 Dungeon Crawl Stone Soup version 0.30-a0-1016-gfb0d676c02 (webtiles) character file.

Game seed: 12503833086067470185

22 HoaS the Shooter (level 3, 0/27 HPs)
             Began as a Formicid Hunter on Apr 6, 2023.
             Succumbed to a kobold's poison
             ... on level 1 of the Dungeon.
             The game lasted 00:00:54 (318 turns).

HoaS the Shooter (Formicid Hunter)                   Turns: 318, Time: 00:00:54

Health: 0/27       AC:  3    Str: 15    XL:     3   Next: 7%
Magic:  3/3        EV: 12    Int:  8    God:
Gold:   20         SH:  0    Dex: 19    Spells: 2/2 levels left

rFire   . . .      SeeInvis +    a - +0 shortbow
rCold   . . .      Faith    .    (no shield)
rNeg    . . .      Spirit   .    c - +0 leather armour
rPois   .          Reflect  .    (helmet unavailable)
rElec   .          Rampage  .    (no cloak)
rCorr   .                        (no gloves)
Will    .....                    (no boots)
Stlth   ++                       (no amulet)
HPRegen 0.24/turn                (no ring)
MPRegen 0.08/turn                (no ring)

@: lethally poisoned (0 -> -10)
A: permanent stasis, dig shafts and tunnels, antennae 3, four strong arms
a: Dig, Shaft Self


You were on level 1 of the Dungeon.
You visited 1 branch of the dungeon, and saw 1 of its levels.

You collected 20 gold pieces.

Inventory:

Hand Weapons
 a - a +0 shortbow (weapon)
Armour
 c - a +0 leather armour (worn)
Scrolls
 b - a scroll of immolation
 e - a scroll of blinking {unknown}
Potions
 d - 2 potions of lignification {unknown}
 f - 2 potions of curing {unknown}


   Skills:
 - Level 2.1 Fighting
 + Level 4.8 Ranged Weapons
 - Level 1.7 Dodging
 - Level 1.2 Stealth


You had 2 spell levels left.
You didn't know any spells.
Your spell library contained the following spells:

 Spells                   Type           Power      Damage    Failure   Level
 Foxfire                  Conj/Fire      0%         2x1d4     47%         1
 Fireball                 Conj/Fire      0%         3d3       100%        5
 Plasma Beam              Fire/Air       0%         2x1d11    100%        6
 Starburst                Conj/Fire      0%         6d3       100%        6


Dungeon Overview and Level Annotations

Branches:
Dungeon (1/15)

Altars:


Innate Abilities, Weirdness & Mutations

You cannot be hasted, slowed, berserked, paralysed or teleported.
You can dig through walls and to a lower floor.
You have a pair of large antennae on your head. (SInv)
Your four strong arms can wield two-handed weapons with a shield.


Message History

You kill the hobgoblin!
You have reached level 3!
Your experience leads to an increase in your attributes!
Increase (S)trength, (I)ntelligence, or (D)exterity?
You feel agile. x2
You shoot an arrow.
The arrow hits the ball python but does no damage.
You shoot an arrow. The arrow hits the ball python!
You kill the ball python!
No target in view!
A kobold comes into view. It is wielding a +0 dagger of venom.
The kobold shouts!
A kobold is nearby!
You shoot an arrow.
The arrow hits the kobold but does no damage.
You shoot an arrow. The arrow barely misses the kobold.
You shoot an arrow. The arrow closely misses the kobold.
You shoot an arrow. The arrow barely misses the kobold.
You shoot an arrow. The arrow closely misses the kobold.
The kobold hits you with a +0 dagger of venom.
You are poisoned.
The kobold hits you with a +0 dagger of venom.
You are more poisoned.
You shoot an arrow. The arrow closely misses the kobold.
You feel very sick. The kobold closely misses you.
You shoot an arrow. The arrow barely misses the kobold.
You feel very sick.
The kobold hits you with a +0 dagger of venom.
You are lethally poisoned!
You are too injured to fight recklessly!
You shoot an arrow.
The arrow hits the kobold but does no damage.
You feel very sick. The kobold closely misses you. x2
You shoot an arrow. The arrow hits the kobold!
You kill the kobold!
* * * LOW HITPOINT WARNING * * *
You feel very sick.
You die...

##......#........
#.....#.#........
#..####.......... #
#......##........ .
#.##................
..
#....#..............
...................
###.....##........
#..@..##........
#.......##.....†..
#.##....##........ #
#....# #...###
.....# #.. .####.#
.. #.. .. ...


There were no monsters in sight!

Vanquished Creatures
  A dart slug (D:1)
  6 ball pythons (D:1)
  A bat (D:1)
  A giant cockroach (D:1)
  A goblin (D:1)
  2 hobgoblins (D:1)
  A jackal (D:1)
  A quokka (D:1)
  A frilled lizard (D:1)
  3 kobolds (D:1)
  2 rats (D:1)
20 creatures vanquished.

Notes
Turn   | Place    | Note
-------+----------+-------------------------------------------
     0 | D:1      | HoaS the Formicid Hunter began the quest for the Orb.
     0 | D:1      | Reached XP level 1. HP: 16/16 MP: 1/1
    40 | D:1      | Reached XP level 2. HP: 22/22 MP: 2/2
   302 | D:1      | Reached XP level 3. HP: 27/27 MP: 3/3
   318 | D:1      | Succumbed to a kobold's poison

Illustrated notes

Levels and vault maps discovered:
D:1:      minmay_arrival_arboretum_large, layout_basic, minmay_split_cup_large

Action                     || total
---------------------------++-------
   Fire: Shortbow          ||    60
 Armour: Leather armour    ||     4
  Dodge: Dodged            ||    23

Table legend: (Time is in decaauts)
 A = Elapsed time spent in this place.
 B = Non-inter-level travel time spent in this place.
 C = Inter-level travel time spent in this place.
 D = Time resting spent in this place.
 E = Time spent auto-exploring this place.
 F = Levels seen in this place.
 G = Mean time per level.
                   A        B        C        D        E       F      G
               +--------+--------+--------+--------+--------+-----+--------+
         Total |    336 |    336 |      0 |     29 |    198 |   1 |  336.0 |
       Dungeon |    336 |    336 |      0 |     29 |    198 |   1 |  336.0 |
               +--------+--------+--------+--------+--------+-----+--------+

Top non-repeatable levels by time:
     D:1: 336 daAuts
